Description

Timing attack with Chargelots Archons and a few immortals

Build Order

Get SALT Encoding   

  14  0:20  Pylon  
  16  0:42  Gateway  
  17  0:45  Assimilator  
  20  1:24  Nexus  
  20  1:33  Cybernetics Core  
  21  1:38  Assimilator  
  22  1:50  Pylon  
  23  2:09  Warp Gate  
  23  2:10  Adept (Chrono Boost)  
  26  2:25  Robotics Facility, Shield Battery  
  27  2:32  Stalker  
  38  3:03  Sentry  
  39  3:12  Observer  
  41  3:18  Pylon  Natural Saturated
  44  3:34  Immortal  
  48  3:45  Twilight Council, Forge  
  48  3:50  Gateway  
  50  3:55  Pylon  
  52  4:00  Assimilator  2xNatural
Spawning Tool Build Advisor. Get it on Overwolf

Go to:

Details

  • Created by: pabi
  • Published on: Jul 22, 2022
  • Modified on: Aug 18, 2022
  • Patch: 4.11.0
  • Difficulty: Medium
Show
View Real Time Build Order
Export as new Build Order

Comments (1)

On Oct. 21, 2022, 7:28 p.m., lllllllllllllll  said:

where is the other half of the build,

Create an account to comment!